[Event "German Championship Women 2022"]
[Site "Magdeburg"]
[Date "2022.08.17"]
[Round "5.9"]
[White "Basovskiy, Jana"]
[Black "Storkebaum, Ulrike"]
[Result "1-0"]
[ECO "C68"]
[WhiteElo "1867"]
[BlackElo "1768"]
[Annotator "NA RC"]
[PlyCount "57"]
[EventDate "2022.08.14"]
[EventType "swiss"]
[EventCountry "GER"]
[SourceTitle "playchess.com"]
[Source "ChessBase"]
[SourceQuality "1"]
[TimeControl "40/5400+30:1800+30"]

1. e4 e5 2. Nf3 Nc6 3. Bb5 a6 4. Bxc6 dxc6 5. Nc3 Bg4 6. h3 Bxf3 7. Qxf3 Qf6 8. Qxf6 Nxf6 9. d3 h6 10. a3 O-O-O 11. Be3 c5 12. f4 Bd6 13. fxe5 Bxe5 14. Bxc5 b6 15. Be3 Rhe8 16. O-O-O Bxc3 17. bxc3 Re6 18. Rhf1 c5 19. Kb2 Rd7 20. Bg1 Kb7 21. c4 Kc6 22. Rb1 b5 23. cxb5+ axb5 24. Rf5 c4 25. Rc5+ Kd6 26. Rxb5 cxd3 27. cxd3 Kc7 28. Rc1+ Rc6 29. Bh2+ 1-0

[Event "German Championship Women 2022"]
[Site "Magdeburg"]
[Date "2022.08.17"]
[Round "5.10"]
[White "Voigt, Anastasia"]
[Black "Mader, Lena"]
[Result "1-0"]
[ECO "B15"]
[WhiteElo "1694"]
[BlackElo "1826"]
[Annotator "NA RC"]
[PlyCount "83"]
[EventDate "2022.08.14"]
[EventType "swiss"]
[EventCountry "GER"]
[SourceTitle "playchess.com"]
[Source "ChessBase"]
[SourceQuality "1"]
[TimeControl "40/5400+30:1800+30"]

1. e4 c6 2. d4 d5 3. Nd2 dxe4 4. Nxe4 Nf6 5. Nxf6+ exf6 6. c3 Bd6 7. Bd3 O-O 8. Qc2 Re8+ 9. Ne2 h5 10. Be3 Be6 11. O-O-O b5 12. Kb1 a5 13. Bf4 Be7 14. Ng3 Qd5 15. b3 a4 16. b4 h4 17. Be4 Qd7 18. Nf5 Bd5 19. Nxe7+ Rxe7 20. Bf5 Qe8 21. f3 Re2 22. Rd2 Re1+ 23. Rxe1 Qxe1+ 24. Rd1 Qe7 25. Qd2 Nd7 26. Re1 Qd8 27. Qe2 Nb6 28. Bc7 Bxa2+ 29. Ka1 Bc4 30. Bxd8 Bxe2 31. Bxb6 Bc4 32. Re7 g6 33. Bd7 Ra6 34. Bc5 a3 35. Bc8 Ra4 36. Bb7 a2 37. Bxc6 Ra3 38. d5 Rxc3 39. Re1 Rb3 40. d6 Rd3 41. d7 Kg7 42. Be7 1-0

[Event "German Championship Women 2022"]
[Site "Magdeburg"]
[Date "2022.08.17"]
[Round "5.11"]
[White "Peglau, Sarah"]
[Black "Wartenberg, Alissa"]
[Result "0-1"]
[ECO "A00"]
[WhiteElo "1782"]
[BlackElo "1632"]
[Annotator "NA RC"]
[PlyCount "64"]
[EventDate "2022.08.14"]
[EventType "swiss"]
[EventCountry "GER"]
[SourceTitle "playchess.com"]
[Source "ChessBase"]
[SourceQuality "1"]
[TimeControl "40/5400+30:1800+30"]

1. g3 d5 2. Bg2 Nf6 3. Nf3 c6 4. d4 e6 5. c4 Nbd7 6. Bg5 Be7 7. Nbd2 O-O 8. O-O h6 9. Bxf6 Nxf6 10. Ne5 a5 11. e3 Bd6 12. f4 Bxe5 13. dxe5 Nd7 14. Qe2 b5 15. cxd5 cxd5 16. e4 Nb6 17. Rfd1 Qe8 18. exd5 Nxd5 19. Ne4 Rb8 20. Nd6 Qc6 21. Kh1 Bb7 22. Rac1 Qb6 23. Rd2 Rfd8 24. Qxb5 Rxd6 25. Qf1 Rdd8 26. Be4 Ne3 27. Rxd8+ Rxd8 28. Qf3 Bxe4 29. Qxe4 Ng4 30. Qe2 Qe3 31. Qxe3 Nxe3 32. Rc5 Rd1# 0-1

[Event "German Championship Women 2022"]
[Site "Magdeburg"]
[Date "2022.08.17"]
[Round "5.13"]
[White "Mekus, Manuela"]
[Black "Perez Celis, Alba"]
[Result "0-1"]
[ECO "A00"]
[WhiteElo "1638"]
[BlackElo "1816"]
[Annotator "NA RC"]
[PlyCount "52"]
[EventDate "2022.08.14"]
[EventType "swiss"]
[EventCountry "GER"]
[SourceTitle "playchess.com"]
[Source "ChessBase"]
[SourceQuality "1"]
[TimeControl "40/5400+30:1800+30"]

1. d3 f5 2. c3 e5 3. g3 Nf6 4. Bg2 d5 5. Nd2 Nc6 6. Ngf3 e4 7. dxe4 dxe4 8. Ng5 h6 9. Nh3 g5 10. e3 Be6 11. O-O Qd7 12. Nb3 Bd6 13. Kh1 f4 14. exf4 Bxh3 15. fxg5 hxg5 16. Bxe4 Bxf1 17. Bg6+ Kd8 18. Qxf1 Qg4 19. Be3 Ne5 20. Bxg5 Qxg5 21. f4 Qxg6 22. fxe5 Bxe5 23. Rd1+ Bd6 24. Qf3 Qe4 25. Qxe4 Nxe4 26. Kg2 Kd7 0-1

[Event "German Championship Women 2022"]
[Site "Magdeburg"]
[Date "2022.08.18"]
[Round "6.1"]
[White "Schulze, Lara"]
[Black "Falke, Ornella"]
[Result "1-0"]
[ECO "B51"]
[WhiteElo "2292"]
[BlackElo "1912"]
[Annotator "TA"]
[PlyCount "79"]
[EventDate "2022.08.14"]
[EventType "swiss"]
[EventCountry "GER"]
[SourceTitle "playchess.com"]
[Source "ChessBase"]
[SourceQuality "1"]
[TimeControl "40/5400+30:1800+30"]

1. e4 c5 2. Nf3 d6 3. Bb5+ Nd7 4. c4 Ngf6 5. Nc3 g6 6. h3 {[%emt 0:00:55] B51: Sicilian: Moscow Variation (3 Bb5+) without 3...Bd7.} a6 7. Ba4 Bg7 8. d3 {[%emt 0:00:14] White has an edge.} O-O 9. Be3 {[%emt 0:00:29] [#]} h6 $146 ({Predecessor:} 9... Qc7 10. Qd2 e6 11. O-O b6 12. Bh6 Bb7 13. Bxg7 Kxg7 14. Rae1 d5 15. cxd5 exd5 {1-0 (28) Stefansson,H (2525)-Kjartansson,G (2430) Selfoss 2022}) 10. Qd2 Kh7 11. O-O Rb8 12. a3 Ne8 13. Rab1 {[%emt 0:06:13] 0x0.0020b433730adp-1022s more active pieces. The black rooks are badly placed.} Nc7 14. Bxd7 Bxd7 15. b4 (15. d4 $5 ) 15... b6 16. d4 cxd4 17. Nxd4 f5 18. exf5 gxf5 {[%emt 0:01:56] aiming for ...e5.} 19. f4 e5 20. Nde2 Be6 21. Rfd1 Bxc4 22. Qxd6 {[%emt 0:01:12] Black must now prevent Qc6.} Qxd6 23. Rxd6 b5 24. Rd7 Rf7 (24... Ne6 $11) 25. Rbd1 (25. Rxf7 $1 $14 Bxf7 26. fxe5) 25... Rbf8 (25... Rxd7 $1 $11 26. Rxd7 Ne6) 26. Bc5 $16 Rxd7 27. Rxd7 Rf7 28. Rxf7 Bxf7 29. Bd6 $1 Na8 (29... Ne8 $142 30. Bxe5 (30. fxe5 Nxd6 31. exd6 Be6 $11) 30... Bf8) 30. Bxe5 ({But not} 30. fxe5 Nb6 $14) 30... Bxe5 $2 {[%emt 0:00:16] A mistake that costs the game.} (30... Bf8 $16) 31. fxe5 {[%emt 0:00:05][%cal Bf4e5,Be5e6,Be6e7][%mdl 4128] Endgame KBN-KNN} Nb6 32. Nf4 Kg7 33. e6 Bg8 {[%emt 0:01:11] [#]} 34. e7 $1 Bf7 {[%emt 0:00:11] [#]} (34... Kf7 $142 35. Nfd5 Nc8) 35. Nfd5 $1 Nc8 36. Kf2 Be8 37. Ke3 Bc6 38. Kd4 Kf7 39. Ke5 Nd6 $2 (39... Nxe7 $18 40. Nxe7 Kxe7) 40. Kxd6 {[%emt 0:00:12] Weighted Error Value: White=0.09 (flawless) /Black=0.39} 1-0

[Event "German Championship Women 2022"]
[Site "Magdeburg"]
[Date "2022.08.18"]
[Round "6.2"]
[White "Birkholz, Olga"]
[Black "Muetsch, Annmarie"]
[Result "0-1"]
[ECO "A41"]
[WhiteElo "2002"]
[BlackElo "2249"]
[Annotator "TA"]
[PlyCount "144"]
[EventDate "2022.08.14"]
[EventType "swiss"]
[EventCountry "GER"]
[SourceTitle "playchess.com"]
[Source "ChessBase"]
[SourceQuality "1"]
[TimeControl "40/5400+30:1800+30"]

1. d4 d6 2. Nf3 Nd7 3. Bf4 g6 4. Qd2 Bg7 5. Nc3 c5 6. e3 {[%emt 0:04:34] A41: 1 d4 d6: Tartakower System and Modern Defence.} (6. e4 $14) 6... Ngf6 $11 7. h4 a6 8. a4 {[%emt 0:06:13] Inhibits b5. The position is equal.} b6 9. Bc4 {[%emt 0:04:53][%cal Oh4h5] [#]} h6 $146 ({Predecessor:} 9... O-O 10. Ng5 Bb7 11. h5 Nxh5 12. Qd3 Ndf6 13. d5 b5 14. Ba2 c4 15. Qd2 b4 {1-0 (40) Barva,A (2225)-Szuk,B (2370) Paks 1994}) 10. Rd1 Bb7 11. d5 b5 12. axb5 Nb6 13. b3 (13. Be2 $142) 13... Nxc4 14. bxc4 axb5 15. Nxb5 Ra4 16. Qd3 Bc8 17. e4 {[%emt 0:02:35] Prevents Bf5.} Bg4 18. Rb1 O-O 19. Nd2 Nh5 20. Bh2 Bd7 21. O-O $1 f5 22. Rfe1 (22. exf5 $14 Bxf5 23. Ne4) 22... f4 $1 23. Nf3 {[%emt 0:00:31] Against g5} Bg4 24. e5 Bf5 25. Qe2 Ra2 26. Rbc1 Qd7 27. exd6 exd6 28. Qe7 (28. Qd2 $5 ) 28... Qxe7 29. Rxe7 Rd8 (29... Bf6 $5 30. Rb7 Ra6 $11) 30. Ne1 (30. Ra7 $11 Rxa7 31. Nxa7) 30... Bf6 {[%emt 0:00:50] This bishop pair is nice.} 31. Rb7 Bxh4 32. Nc3 Ra3 33. Ne2 (33. Nb5 $17 Ra4 34. Nf3) 33... Bg5 $1 $19 34. Rcb1 Re8 35. Kf1 Ra2 (35... Ra4 $1 $17 36. Nc3 Rxc4) 36. Rb8 Ra8 37. R8b6 Rad8 {[%emt 0:00:28] White should prevent ...Re4.} 38. f3 {[%emt 0:00:12] Inhibits Re4.} ({Much worse is} 38. Nd3 Re4 39. Rb8 Rxb8 40. Rxb8+ Kf7 41. Rb7+ Ke8 $17) 38... Re3 {[%emt 0:02:02] Threatens to win with ...Rde8.} 39. Bg1 {[%emt 0:00:18] [#]} (39. Rb8 $11 {keeps the balance.} Ree8 40. Rxd8 Rxd8 41. Nd3) 39... Re7 {[%emt 0:01:36] Black is much more active.} (39... Ra3 $1 $17 {Strongly threatening ...Ra4.} 40. Bh2 Ra4) 40. Rb8 Rde8 41. Rxe8+ Rxe8 42. Bf2 {[%emt 0:00:39] Prevents Ng3+.} Ra8 43. Rb6 Be7 44. Nc3 Nf6 45. Rb7 Kf8 46. Ke2 {[%emt 0:00:00] [#]} (46. Nd3 $15) 46... Bc8 $1 $17 47. Rb3 Ba6 48. Kd3 (48. Nb5 $17 {might work better.}) 48... Nd7 $19 49. Nb5 Ne5+ 50. Ke4 Nxc4 51. Kxf4 Bg5+ 52. Kg3 Nd2 ({Black should try} 52... Bc8 53. Nc7 Ra7) 53. Nc7 (53. Ra3 $142 Nf1+ 54. Kh3 Bc8+ 55. g4 Rxa3 56. Nxa3) 53... Nxb3 $17 54. Nxa8 Nd2 {[%emt 0:00:37] White must now prevent ...Bc8.} 55. Nb6 {[%emt 0:00:00] Prevents Bc8.} Bd8 56. Na4 Bb7 57. Nxc5 (57. Kh3 $142) 57... dxc5 $19 58. Bxc5+ Kf7 59. d6 Nc4 60. Nd3 Bf6 61. Bb4 Be5+ 62. Nxe5+ Nxe5 63. Kf4 (63. Bd2 {was worth a try.}) 63... Ke6 64. Kg3 Bd5 65. f4 (65. Kf4 $142) 65... Nf7 66. d7 Kxd7 {[%emt 0:00:36] Hoping for ...Ke6.} 67. Bf8 $2 (67. Kh3) 67... Ke6 68. Kf2 Kf5 69. g3 Kg4 70. Bb4 h5 {[%emt 0:00:42] ( -> ...Nh6)} 71. Be7 Nh6 72. Bg5 Nf5 {[%emt 0:00:09] Weighted Error Value: White=0.22 (precise) /Black=0.10 (very precise)} 0-1

[Event "German Championship Women 2022"]
[Site "Magdeburg"]
[Date "2022.08.18"]
[Round "6.3"]
[White "Voicu-Jagodzinsky, Carmen"]
[Black "Bazzazi, Elnaz"]
[Result "1-0"]
[ECO "A04"]
[WhiteElo "2258"]
[BlackElo "1766"]
[Annotator "TA"]
[PlyCount "75"]
[EventDate "2022.08.14"]
[EventType "swiss"]
[EventCountry "GER"]
[SourceTitle "playchess.com"]
[Source "ChessBase"]
[SourceQuality "1"]
[TimeControl "40/5400+30:1800+30"]

1. Nf3 Nc6 2. d4 d5 3. c4 e6 4. Nc3 Nf6 5. Bg5 Be7 6. e3 O-O 7. Bd3 h6 8. Bh4 dxc4 9. Bxc4 Na5 {[%emt 0:00:42] D53: Queen's Gambit Declined: 4 Bg5 Be7: Early deviations.} 10. Bd3 c5 {[%emt 0:06:12] [#]} 11. dxc5 $146 ({Predecessor:} 11. a3 c4 12. Bc2 Nd5 13. Bxe7 Qxe7 14. Qd2 b6 15. O-O Bb7 16. Nxd5 Bxd5 17. Qd1 {0-1 (34) Simonov,A-Sharikov,A Oberbernhards 2004}) 11... Bxc5 {[%emt 0:00:33] White is slightly better.} 12. O-O Be7 13. Rc1 Nc6 14. Qe2 e5 (14... Nh5 $14) 15. Rfd1 $16 Qa5 16. Nd2 ({White should play} 16. Bxf6 $16 Bxf6 17. Nd2) 16... Qb4 (16... Bg4 $1 $14 17. f3 Be6) 17. Bxf6 Bxf6 18. Nd5 Qg4 19. f3 Qh4 (19... Qd7 $142) 20. Rc4 $18 Qh5 21. Ne4 (21. Nxf6+ $18 {is the precise move to win.} gxf6 22. Ne4) 21... Bd8 $16 22. Nd6 {[%emt 0:20:27] Pair of Knights!} Be6 23. Bc2 {[%emt 0:01:02] 0x0.001682b98841dp-1022s more active pieces. The black rooks are badly placed.} Nd4 {[%emt 0:13:42] This costs Black the game.} 24. exd4 $18 {[%emt 0:01:07] The board is on fire.} Bxd5 25. Rc5 $40 {[%emt 0:00:38][%mdl 128] White is out for blood.} (25. dxe5 Bxc4 26. Qe4 (26. Nxc4 Bc7 $15) 26... g6 $1 27. Nxc4 Bc7 $11) (25. Qxe5 Qxe5 26. dxe5 Bxc4 27. Nxc4 Bb6+ 28. Kf1 (28. Nxb6 axb6 29. Bb3 Rfd8 $17) 28... Rad8 $17) 25... exd4 $2 (25... Bxa2 {was called for.} 26. Rxe5 (26. Qxe5 Qxe5 27. Rxe5 Bc7 $17) (26. Nxb7 Qh4 $16) 26... Qh4) 26. Qd3 ({Not} 26. Qb5 Bb6 $1 27. Be4 (27. Rxd5 d3+ 28. Kh1 dxc2 $17) 27... d3 $11) 26... g6 {[%emt 0:03:22] Strongly threatening ...Bb6.} 27. Bb3 ({Weaker is} 27. Qxd4 Bb6 28. b4 Bc6 $17) 27... Qe5 28. Rxd5 Qe7 {[%emt 0:03:12] [#]} (28... Qe3+ $142 29. Kf1 Qxd3+ 30. Rxd3 Bb6) 29. g3 (29. Nxf7 $142 $1 Qe3+ (29... Kh7 30. Ne5) 30. Qxe3 dxe3 31. Nxd8) 29... Bc7 30. Ne4 {[%emt 0:00:41][%cal Od5d7] Rd7! is the strong threat.} Bb6 (30... Rad8 $142 31. Rb5 (31. Rxd4 $2 Rxd4 32. Qf1 Rxd1 $19) 31... b6) 31. Kg2 {[%emt 0:00:21][%cal Od5d7] And now Rd7! would win. White is clearly winning.} Rac8 {[%emt 0:00:22] [#]} (31... Rad8 $142 32. a4 a6) 32. h4 (32. Rd7 $142 $3 Qe5 33. Nd6) 32... Rc7 (32... Rfd8 $142 33. Rxd8+ Rxd8) 33. a4 a6 34. Rd6 {[%emt 0:00:27] Intending Rxg6+ and mate.} Rc6 35. Rxc6 bxc6 36. Qxa6 Rb8 37. Qc4 c5 38. Rd2 {[%emt 0:01:09] Weighted Error Value: White=0.66/Black=0.47} 1-0

[Event "German Championship Women 2022"]
[Site "Magdeburg"]
[Date "2022.08.18"]
[Round "6.4"]
[White "Kunze, Kerstin"]
[Black "Basovskiy, Jana"]
[Result "1-0"]
[ECO "A05"]
[WhiteElo "2020"]
[BlackElo "1867"]
[Annotator "TA"]
[PlyCount "79"]
[EventDate "2022.08.14"]
[EventType "swiss"]
[EventCountry "GER"]
[SourceTitle "playchess.com"]
[Source "ChessBase"]
[SourceQuality "1"]
[TimeControl "40/5400+30:1800+30"]

1. Nf3 Nf6 2. g3 d5 3. Bg2 Bf5 4. c4 c6 5. Qb3 Qb6 6. Nc3 e6 {A11: English Opening: 1...c6.} 7. Na4 Qxb3 8. axb3 {[%cal Oa4b6] [#] aiming for Nb6!} Nbd7 {Against Nb6. The position is equal.} 9. d4 Be7 10. O-O {[#]} O-O $146 (10... Bc2 $15 {was preferrable.}) ({Predecessor:} 10... Bc2 11. Nd2 O-O 12. Nc3 Rfd8 13. e4 dxe4 14. Ncxe4 Nxe4 15. Bxe4 Bxe4 16. Nxe4 Nf6 {½-½ (63) Rafales,B-Cantonjos,A (1959) San Antonio 2014}) 11. Nc3 ({Better is} 11. Bf4 $11) 11... h6 12. Nd2 (12. Ne1 $11 {might be stronger.}) 12... Rfd8 $17 13. Re1 a6 14. e3 Rac8 15. h3 Bg6 16. f4 Rb8 17. c5 Bh7 18. b4 Bg6 19. Kh2 Bh7 20. Bf3 Bg6 21. Rg1 h5 22. g4 hxg4 23. hxg4 Nf8 24. b3 Ra8 25. Bb2 Rab8 26. Rg2 N8d7 27. Rag1 Bf8 (27... Bd3 $14) 28. Kg3 Be7 29. Kf2 Bf8 (29... Bd3 $142) 30. g5 Nh7 31. e4 {[%cal Of4f5] White is more active.} Ra8 32. f5 exf5 33. exd5 {And now Nc4 would win.} cxd5 {This move loses the game for Black.} (33... a5 $16 {was called for.}) 34. Nxd5 $18 {Hoping for Nc4.} ({Much less strong is} 34. Bxd5 $6 a5 $16) 34... Rab8 $2 (34... a5 35. Nf4 axb4) 35. Nc4 Re8 36. Nf4 Kh8 37. Rh1 Be7 38. Nxg6+ fxg6 {[#]} 39. Rxh7+ $1 Kxh7 40. Rh2+ {[%mdl 32768] Weighted Error Value: White=0.16 (very precise) /Black=0.51. Loss on time!?} 1-0

[Event "German Championship Women 2022"]
[Site "Magdeburg"]
[Date "2022.08.18"]
[Round "6.5"]
[White "Braun, Kristin"]
[Black "Zhou, Lepu Coco"]
[Result "1-0"]
[ECO "C24"]
[WhiteElo "1897"]
[BlackElo "1986"]
[Annotator "TA"]
[PlyCount "97"]
[EventDate "2022.08.14"]
[EventType "swiss"]
[EventCountry "GER"]
[SourceTitle "playchess.com"]
[Source "ChessBase"]
[SourceQuality "1"]
[TimeControl "40/5400+30:1800+30"]

1. e4 e5 2. Bc4 Nf6 3. d3 c6 4. Nf3 d5 5. exd5 cxd5 6. Bb5+ Bd7 $1 {[%emt 0:03:17] C24: Bishop's Opening: 2...Nf6.} 7. Bxd7+ Nbxd7 8. O-O Bd6 {[%emt 0:03:54] The position is equal.} 9. Re1 O-O 10. Nc3 a6 11. Bg5 Qc7 (11... Qb6 {seems wilder.} 12. d4 exd4 13. Qxd4 Qxb2 14. Rab1 Qxc2 15. Nxd5 Bc5) 12. a3 Rac8 13. Re2 Rfe8 14. h3 {[%emt 0:02:15] [#]} h6 $146 ({Predecessor:} 14... b5 15. Nb1 h6 16. Bh4 Nh5 17. c3 Qb6 18. Rd2 g5 19. Nxg5 hxg5 20. Qxh5 gxh4 {1-0 (47) Buchkov,N (1919)-Lazarenko,V (2035) Zhukovsky 2012}) 15. Bxf6 Nxf6 16. Nh4 Qd7 17. Qd2 b5 18. b4 $2 (18. Nf3) (18. Nf3 $17) 18... e4 19. dxe4 Be5 ({Not} 19... Nxe4 20. Nxe4 Rxe4 21. Nf3 $17) ({Worse is} 19... dxe4 20. Rd1 $17) 20. Nxd5 Nxd5 21. Rd1 Qd8 22. exd5 {[%emt 0:06:07][%cal Od5d6] Black must now prevent d6!} Qxh4 23. Rde1 {[%emt 0:03:16] [#]} Qf6 24. d6 {[%emt 0:00:48] [#] aiming for d7.} Rcd8 25. d7 Re6 ({Black should play} 25... Re7 $19 26. Rd1 Qc6) 26. Qd5 $36 {[%emt 0:02:01][%cal Re2e5][%mdl 2048] White is more active.} Bc7 (26... Bd4 $11 27. Rxe6 fxe6 28. Rxe6 Qxf2+ 29. Kh2 Qf4+ 30. Kh1 Kf8) 27. Rxe6 $18 fxe6 28. Rxe6 Rxd7 29. Rd6+ $1 Kh7 30. Qd3+ Kh8 31. Rxd7 {[%emt 0:00:20][%mdl 4096] Endgame KQR-KQB} Qe5 32. g3 Bb6 33. Rf7 Kg8 {[%emt 0:02:36] Inhibits Rf8+.} 34. Rf5 Qc7 35. Qf3 {[%emt 0:00:55] White wants to mate with Rf8+.} Qe7 {[%emt 0:01:32] Against Rf8+} 36. Qd5+ Kh8 37. Rf7 Qe8 38. Kg2 Bd8 39. Rd7 Bf6 40. Rd6 Qe2 41. Re6 Qxc2 42. Re8+ {[%emt 0:00:06] White is clearly winning.} Kh7 43. Qe4+ (43. h4 $142 Bxh4 44. Re4) 43... Qxe4+ 44. Rxe4 {[%emt 0:00:03] KR-KB} Bb2 45. Re3 Bc1 46. Rd3 Kg8 47. Kf3 Kf7 48. Ke4 Ke6 49. Rc3 {[%emt 0:00:05] What a bad dream for Black.  Weighted Error Value: White=0.25 (precise) /Black=0.43} 1-0

[Event "German Championship Women 2022"]
[Site "Magdeburg"]
[Date "2022.08.18"]
[Round "6.6"]
[White "Moenster, Madita"]
[Black "Peglau, Dora"]
[Result "1-0"]
[ECO "C16"]
[WhiteElo "1864"]
[BlackElo "1920"]
[Annotator "NA RC"]
[PlyCount "79"]
[EventDate "2022.08.14"]
[EventType "swiss"]
[EventCountry "GER"]
[SourceTitle "playchess.com"]
[Source "ChessBase"]
[SourceQuality "1"]
[TimeControl "40/5400+30:1800+30"]

1. e4 e6 2. d4 d5 3. Nc3 Bb4 4. e5 Ne7 5. a3 Ba5 6. b4 Bb6 7. Qg4 h5 8. Qf4 a5 9. Rb1 axb4 10. axb4 Nf5 11. Nf3 Nc6 $1 12. Bb5 Bd7 13. Be3 {[%emt 0:07:17] [#]} Nxb4 $1 14. Rxb4 Ba5 {[%emt 0:00:52] Skewer} 15. Bxd7+ Qxd7 16. Rb1 Bxc3+ 17. Bd2 Bxd2+ 18. Qxd2 O-O 19. O-O Ra2 20. Qg5 g6 21. h3 $17 Qe7 22. Qf4 Kg7 23. Rxb7 Rxc2 24. Rfb1 Ra8 25. g4 hxg4 26. hxg4 Nh4 27. Qf6+ Qxf6 28. exf6+ Kxf6 29. Nxh4 Raa2 30. Rf1 e5 31. Rb4 e4 32. Ng2 c6 33. Ne3 Rc3 34. Rfb1 Ke6 35. Rb7 f5 36. gxf5+ gxf5 37. Rh7 Kf6 38. Rbb7 Kg5 39. Rbg7+ Kf4 40. Kg2 1-0

[Event "German Championship Women 2022"]
[Site "Magdeburg"]
[Date "2022.08.18"]
[Round "6.7"]
[White "Wartenberg, Alissa"]
[Black "Fock, Sana"]
[Result "1-0"]
[ECO "B90"]
[WhiteElo "1632"]
[BlackElo "1807"]
[Annotator "NA RC"]
[PlyCount "155"]
[EventDate "2022.08.14"]
[EventType "swiss"]
[EventCountry "GER"]
[SourceTitle "playchess.com"]
[Source "ChessBase"]
[SourceQuality "1"]
[TimeControl "40/5400+30:1800+30"]

1. e4 c5 2. Nf3 d6 3. d4 cxd4 4. Nxd4 Nf6 5. Nc3 a6 6. f3 e5 7. Nb3 Be7 8. Be3 Be6 9. Qd2 Nbd7 10. g4 b5 11. h4 b4 12. Na4 a5 13. Qf2 O-O 14. h5 Ne8 15. Bd3 Bg5 16. O-O-O Bxe3+ 17. Qxe3 Qc7 18. Nd2 Qc6 19. b3 Nc7 20. Nc4 Nb5 21. Ncb6 Nd4 22. Nd5 Kh8 23. Rh2 Nc5 24. Nxc5 Qxc5 25. h6 g6 26. Kb1 Bxd5 27. exd5 f6 28. Be4 a4 29. Qd3 f5 30. gxf5 gxf5 31. Qe3 fxe4 32. Qg5 Qc7 33. Rg2 Nf5 34. fxe4 Qe7 35. exf5 Qxg5 36. Rxg5 Rf6 37. bxa4 Rxa4 38. Rdg1 Ra8 39. Rh5 Raf8 40. Rf1 Rc8 41. Rg1 Rcf8 42. Rf1 Rc8 43. Rf3 e4 44. Re3 Re8 45. Rh4 Kg8 46. Rg4+ Kf8 47. Rexe4 Rxe4 48. Rxe4 Rxf5 49. Rxb4 Rxd5 50. Rb7 Kg8 51. Rg7+ Kh8 52. Rd7 Kg8 53. Kc1 Ra5 54. Rxd6 Rxa2 55. Kd2 Kf7 56. Rb6 Ra4 57. Kd3 Rh4 58. c4 Rh3+ 59. Kd4 Rh5 60. c5 Rh4+ 61. Kd5 Rh5+ 62. Kc4 Rh4+ 63. Kb5 Rh5 64. Rc6 Rh1 65. Kb6 Rb1+ 66. Kc7 Rc1 67. Kb7 Re1 68. Rd6 Re7+ 69. Kb6 Re1 70. c6 Rb1+ 71. Kc7 Ke8 72. Rd7 Ra1 73. Kc8 Rc1 74. c7 Ra1 75. Rxh7 Rb1 76. Rg7 Kf8 77. Rd7 Ke8 78. h7 1-0

[Event "German Championship Women 2022"]
[Site "Magdeburg"]
[Date "2022.08.18"]
[Round "6.8"]
[White "Just, Anita"]
[Black "Bluebaum, Johanna"]
[Result "1/2-1/2"]
[ECO "C14"]
[WhiteElo "1905"]
[BlackElo "2013"]
[Annotator "NA RC"]
[PlyCount "81"]
[EventDate "2022.08.14"]
[EventType "swiss"]
[EventCountry "GER"]
[SourceTitle "playchess.com"]
[Source "ChessBase"]
[SourceQuality "1"]
[TimeControl "40/5400+30:1800+30"]

1. e4 e6 2. d4 d5 3. Nc3 Nf6 4. Bg5 Be7 5. e5 Nfd7 6. Bxe7 Qxe7 7. f4 a6 8. Nf3 c5 9. Qd2 Nc6 10. dxc5 Nxc5 11. O-O-O b5 12. Kb1 b4 13. Ne2 $1 ({Don't blunder} 13. Nxd5 $2 exd5 14. Qxd5 Bb7 $19) 13... Ne4 14. Qe3 a5 15. c4 bxc3 16. Nxc3 Nxc3+ 17. Qxc3 Qb7 18. Nd4 Nxd4 19. Rxd4 O-O $1 20. Ra4 $15 Qb6 21. Qd4 Qc6 22. Ra3 Ba6 23. Rc3 Qb7 24. Bxa6 Qxa6 25. Rhc1 Rfc8 26. Rxc8+ Rxc8 27. Rxc8+ Qxc8 28. Qb6 Qa8 29. a4 h6 30. Qd4 Qa6 31. Qd1 Qc4 32. g3 Kf8 33. Qc2 Qf1+ 34. Ka2 Kg8 35. Qc8+ Kh7 36. Qc2+ Kg8 37. Qc8+ Kh7 38. Qc2+ Kg8 39. Qc8+ Kh7 40. Qc2+ g6 41. Qc7 1/2-1/2